 Dungeon Crawl Stone Soup version 0.21.0-3-g78d12a8 (webtiles) character file.

119 komo4ek the Shooter (level 4, 0/34 HPs)
             Began as a Spriggan Wanderer on Jan 11, 2018.
             Succumbed to an adder's poison
             ... on level 3 of the Dungeon.
             The game lasted 00:04:19 (1825 turns).

komo4ek the Shooter (Spriggan Wanderer)             Turns: 1825, Time: 00:04:19

Health: 0/34       AC: 22    Str: 11    XL:     4   Next: 74%
Magic:  8/8        EV:  4    Int: 10    God:
Gold:   113        SH:  0    Dex: 21    Spells: 7/7 levels left

rFire    . . .     SeeInvis +   a - +2 shortbow
rCold    . . .     Gourm    .   (shield currently unavailable)
rNeg     + + +     Faith    .   (armour currently unavailable)
rPois    +         Spirit   .   (helmet currently unavailable)
rElec    .         Reflect  .   (cloak currently unavailable)
rCorr    .         Harm     .   (gloves unavailable)
MR       .....     NoTele   +   (boots unavailable)
Stlth    +++.......             (no amulet)
HPRegen  0.11/turn              (no ring)
MPRegen  0.11/turn              (no ring)

@: agile, lethally poisoned (0 -> -4), tree-form
A: very small, unfitting armour, see invisible, herbivore, slow metabolism 2
a: no special abilities


You were on level 3 of the Dungeon.
You were not hungry.
You were a tree.
You visited 1 branch of the dungeon, and saw 3 of its levels.

You collected 113 gold pieces.

Inventory:

Hand Weapons
 a - a +2 shortbow (weapon)
 h - a +0 hunting sling
 w - a +0 flail
Missiles
 b - 7 arrows (quivered)
 e - 9 poisoned needles
 i - 28 stones
 j - 61 sling bullets
 r - 18 bolts
Armour
 c - a +0 robe (melded)
Jewellery
 s - an uncursed ring of flight {unknown}
 v - a +2 ring of protection {unknown}
Scrolls
 k - a scroll of fear {unknown}
 m - a scroll of random uselessness {unknown}
 n - 2 scrolls of remove curse {unknown}
 p - a scroll of immolation {unknown}
 q - a scroll of amnesia {unknown}
 t - a scroll of noise {unknown}
 u - a scroll of teleportation {unknown}
Potions
 d - a potion of lignification
 g - a potion of agility
 o - a potion of curing {unknown}
Books
 l - a book of Cantrips

   Spells                             Type                      Level
   a - Confusing Touch                Hexes                        1
   b - Animate Skeleton               Necromancy                   1
   c - Summon Small Mammal            Summoning                    1
   d - Apportation                    Translocation                1
Comestibles
 f - 2 rations


   Skills:
 + Level 2.9 Fighting
 * Level 6.0 Bows
 + Level 3.2 Dodging
   Level 1.0 Shields
 + Level 2.2 Spellcasting
   Level 1.3 Evocations


You had 7 spell levels left.
You didn't know any spells.

Dungeon Overview and Level Annotations

Branches:
Dungeon (3/15)

Altars:
Sif Muna


Innate Abilities, Weirdness & Mutations

You are very small and have problems with some larger weapons.
You are too small for most types of armour.
You have supernaturally acute eyesight. (SInv)
You are a herbivore.
((You cover ground extremely quickly.))
You need consume almost no food.


Message History

Press: ? - help, Shift-Dir - straight line, f/p - adder
Aim: an adder (moderately wounded)
You shoot an arrow. The arrow barely misses the adder.
The adder bites you.
You are poisoned.
The adder poisons you!
Firing (i - inventory. (,) - cycle):
b - 8 arrows (quivered)
Press: ? - help, Shift-Dir - straight line, f/p - adder
Aim: an adder (moderately wounded)
You shoot an arrow. The arrow hits the adder.
The adder is heavily wounded.
You feel sick. The adder bites you. x2
* * * LOW HITPOINT WARNING * * *
You are too injured to fight recklessly!
It was a potion of agility.
You feel agile all of a sudden. The adder bites you.
* * * LOW HITPOINT WARNING * * *
You turn into a tree.
Your +0 robe melds into your body.
Your roots penetrate the ground.
You die...

#### ...
#####>#
..((.######
#.......##.
#S.........
#♣)####.###
#..#
..........#
?.#####..##
#.## #..
###


You could see an adder.

Vanquished Creatures
  An orc wizard (D:3)
  3 adders (D:2)
  An ooze (D:1)
  5 worms (D:2)
  A dart slug (D:2)
  A leopard gecko (D:2)
  3 orcs (D:2)
  4 bats
  2 giant cockroaches (D:1)
  3 goblins
  3 hobgoblins
  4 kobolds
  2 quokkas (D:2)
  5 frilled lizards
  7 rats
45 creatures vanquished.

Notes
Turn   | Place    | Note
-------+----------+-------------------------------------------
     0 | D:1      | komo4ek the Spriggan Wanderer began the quest for the Orb.
     0 | D:1      | komo4ek set off with: a +2 shortbow, 31 arrows, a +0 robe, a potion of lignification, a ration
     0 | D:1      | Reached XP level 1. HP: 11/11 MP: 3/3
   154 | D:1      | Reached skill level 5 in Bows
   200 | D:1      | Reached XP level 2. HP: 16/16 MP: 4/4
   373 | D:1      | Reached skill level 1 in Spellcasting
   541 | D:2      | Reached XP level 3. HP: 19/19 MP: 5/5
   814 | D:2      | Reached XP level 4. HP: 23/23 MP: 7/7
  1502 | D:2      | Found a deep blue altar of Sif Muna.
  1700 | D:3      | Reached skill level 6 in Bows
  1824 | D:3      | HP: 1/23 [adder (5)]
  1825 | D:3      | Succumbed to an adder's poison

Skill      XL: |  1  2  3  4 |
---------------+-------------+-----
Bows           | 5 6 |  6.0
Dodging        | 2 3 |  3.2
Spellcasting   | 1 2 |  2.2
Fighting       | |  2.9
Shields        | |  1.0
Evocations     | |  1.3

Action                   |  1- 3 |  4- 6 || total
-------------------------+-------+-------++-------
 Fire: Shortbow          |    72 |    52 ||   124
  Use: Potion            |       |     2 ||     2
Armor: Robe              |       |     1 ||     1
Dodge: Dodged            |     7 |    21 ||    28
